 Dungeon Crawl Stone Soup version 0.27.1-34-g3ba077fa99 (webtiles) character file.

Game seed: 13396210427060217428

423 zeram the Grave Robber (level 6, -5/53 HPs)
             Began as a Troll Necromancer on Jan 7, 2022.
             Splashed by a jelly's acid (9 damage)
             ... on level 4 of the Dungeon.
             The game lasted 00:04:31 (2839 turns).

zeram the Grave Robber (Troll Necromancer)          Turns: 2839, Time: 00:04:32

Health: -5/53      AC: -5    Str: 17    XL:     6   Next: 63%
Magic:  7/7        EV: 10    Int: 13    God:
Gold:   179        SH:  0    Dex: 10    Spells: 1/8 levels left

rFire    . . .     SeeInvis .   b - +3 dagger (venom)
rCold    . . .     Faith    .   (no shield)
rNeg     . . .     Spirit   .   a - +1 robe
rPois    .         Reflect  .   d - +2 hat
rElec    .         Harm     .   (no cloak)
rCorr    .         Rampage  .   (gloves unavailable)
Will     .....                  (boots unavailable)
Stlth    +.........             (no amulet)
HPRegen  1.17/turn              (no ring)
MPRegen  0.10/turn              (no ring)

@: corroded, hasted, very quick
A: large, unfitting armour, claws 3, regeneration 1, shaggy fur 1, tough skin 1
a: no special abilities


You were on level 4 of the Dungeon.
You visited 1 branch of the dungeon, and saw 4 of its levels.

You collected 179 gold pieces.

Inventory:

Hand Weapons
 b - a +3 dagger of venom (weapon)
Missiles
 c - 46 stones
Armour
 a - a +1 robe (worn)
 d - a +2 hat (worn)
Wands
 k - a wand of acid (3)
 o - a wand of iceblast (9)
Scrolls
 j - a scroll of enchant weapon
 l - a scroll of acquirement {unknown}
 n - a scroll of identify
 p - a scroll of enchant armour
Potions
 e - a potion of cancellation {unknown}
 f - a potion of haste
 g - a potion of mutation
 h - a potion of heal wounds {unknown}
 i - a potion of curing {unknown}
 m - a potion of might {unknown}


   Skills:
 + Level 3.8 Dodging
 - Level 1.0 Stealth
 + Level 1.5 Spellcasting
 + Level 5.4 Necromancy


You had one spell level left.
You knew the following spells:

 Your Spells              Type           Power      Damage    Failure   Level
a - Pain                  Necr           60%        1d7       2%          1
b - Vampiric Draining     Necr           7%         2d7       9%          3
c - Ozocubu's Armour      Ice            0%         N/A       63%         3

Your spell library contained the following spells:

 Spells                   Type           Power      Damage    Failure   Level
 Animate Skeleton         Necr           30%        N/A       2%          1
 Shock                    Conj/Air       0%         1d3       26%         1
 Animate Dead             Necr           7%         N/A       28%         4
 Agony                    Necr           15%        N/A       61%         5
 Swiftness                Air            0%         N/A       63%         3
 Airstrike                Air            0%         N/A       95%         4
 Metabolic Englaciation   Hex/Ice        0%         N/A       100%        5
 Simulacrum               Ice/Necr       4%         N/A       100%        6


Dungeon Overview and Level Annotations

Branches:
Dungeon (4/15)
 Temple: D:4-7

Altars:
Nemelex Xobeh


Innate Abilities, Weirdness & Mutations

You are too large for most types of armour.
You have claws for hands.
Your natural rate of healing is unusually fast.
You are covered in fur. (AC +1)
You have tough skin. (AC +1)


Message History

A jelly is nearby!
A jelly is nearby!
A jelly is nearby!
The jelly hits you but does no damage.
You hit the jelly.
Your claws burn!
The jelly is moderately wounded.
The jelly hits you but does no damage.
You hit the jelly.
Your claws burn!
The jelly is moderately wounded.
The jelly closely misses you.
You hit the jelly. The acid corrodes you!
Your claws burn!
The jelly is heavily wounded.
The jelly hits you but does no damage.
You hit the jelly.
Your claws burn!
The jelly is heavily wounded.
The jelly hits you.
You are splashed with acid!
You hit the jelly but do no damage.
Your claws burn!
The jelly is heavily wounded.
The jelly hits you but does no damage.
You completely miss the jelly.
The jelly is heavily wounded.
The jelly hits you but does no damage.
You hit the jelly but do no damage.
The jelly is poisoned.
Your claws burn!
The jelly is heavily wounded.
The jelly hits you but does no damage.
You hit the jelly but do no damage.
Your claws burn!
The jelly is heavily wounded.
The jelly hits you. The acid corrodes you!
You are splashed with acid.
You hit the jelly but do no damage.
Your claws burn!
The jelly is heavily wounded.
The jelly hits you. The acid corrodes you!
You are splashed with acid!
* * * LOW HITPOINT WARNING * * *
The jelly hits you.
* * * LOW HITPOINT WARNING * * *
You are splashed with acid!
* * * LOW HITPOINT WARNING * * *
You feel yourself speed up. The jelly hits you.
* * * LOW HITPOINT WARNING * * *
You are splashed with acid!
You die...

#### ########### ...#
#.........###### #### ...#
#####.........##...####... )..#
#.............##..........
..>#####.........######..........
...#..................'..........
...............J@....##..........
..................)..##..........
..............##.....#####.......
..............####............##.
..............## #..........####.
...#...........###..........####'
............................##...
.......................#######...
...<...................)######...


You could see a jelly (poisoned).

Vanquished Creatures
  A scorpion (D:4)
  A water moccasin skeleton (D:4)
  A hound (D:4)
  A jelly (D:4)
  3 iguanas
  9 adders
  A worm (D:3)
  4 orcs
  10 ball pythons
  6 bats
  11 endoplasms
  2 giant cockroaches
  7 goblins
  8 hobgoblins
  4 jackals (D:4)
  10 kobolds
  4 quokkas
  5 frilled lizards
  5 rats
93 creatures vanquished.

Vanquished Creatures (collateral kills)
  A hound skeleton (D:4)
  An orc (D:4)
2 creatures vanquished.

Grand Total: 95 creatures vanquished

Notes
Turn   | Place    | Note
-------+----------+-------------------------------------------
     0 | D:1      | zeram the Troll Necromancer began the quest for the Orb.
     0 | D:1      | Reached XP level 1. HP: 16/16 MP: 1/1
   222 | D:1      | Reached XP level 2. HP: 23/24 MP: 2/2
   743 | D:2      | Reached skill level 4 in Necromancy
   747 | D:2      | Reached XP level 3. HP: 31/31 MP: 3/3
  1244 | D:2      | Found a faded altar of an unknown god.
  1343 | D:2      | Reached XP level 4. HP: 39/39 MP: 5/5
  1954 | D:3      | Reached XP level 5. HP: 45/45 MP: 6/6
  2217 | D:4      | Reached skill level 5 in Necromancy
  2319 | D:4      | Found a sparkling altar of Nemelex Xobeh.
  2372 | D:4      | Reached XP level 6. HP: 50/53 MP: 7/7
  2376 | D:4      | Learned a level 3 spell: Vampiric Draining
  2380 | D:4      | Learned a level 3 spell: Ozocubu's Armour
  2835 | D:4      | HP: 2/53 [acid (7)]
  2839 | D:4      | Splashed by a jelly's acid

Illustrated notes

Levels and vault maps discovered:
D:1:      dpeg_arrival_renting, layout_basic, serial_rivers,
          chequers_serial_rivers_room_a, chequers_serial_rivers_micro_e,
          chequers_serial_rivers_large_b, chequers_serial_rivers_small_3,
          chequers_serial_rivers_large_a, chequers_serial_rivers_micro_a
D:2:      minmay_diamond_boxcup, layout_basic, ebering_ecumenical_altar_ruins,
          minmay_misc_feat_room, minmay_tree_intersection, minivault_11
D:3:      layout_basic, kennysheep_generic_room_5
D:4:      layout_basic, lemuel_tele_altar

Skill      XL: |  1  2  3  4  5 |
---------------+----------------+-----
Necromancy     | 4 5 |  5.4
Dodging        | 2 3 |  3.8
Stealth        | |  1.0
Spellcasting   | |  1.5

Action                   |  1- 3 |  4- 6 || total
-------------------------+-------+-------++-------
Melee: Dagger            |   106 |   214 ||   320
       Unarmed           |     1 |       ||     1
  Use: Scroll            |     2 |     5 ||     7
       Potion            |       |     1 ||     1
 Stab: Sleeping          |     5 |     2 ||     7
Armor: Robe              |    47 |    94 ||   141
Dodge: Dodged            |    41 |   114 ||   155
